 Dungeon Sprint DCSS version 0.21.0-24-g2553a33 (webtiles) character file.

427 letownia2 the Grappler (level 6, -2/55 HPs)
             Began as a Troll Hunter on Jan 19, 2018.
             Was an Initiate of Gozag.
             Slain by Sonja
             ... wielding a +0 short sword of distortion
              (13 damage)
             ... in the Dungeon (Sprint I: "Red Sonja").
             The game lasted 00:01:34 (163 turns).

letownia2 the Grappler (Troll Hunter)                Turns: 163, Time: 00:01:34

Health: -2/55      AC:  7    Str: 21    XL:     6   Next: 65%
Magic:  5/5        EV: 10    Int:  9    God:    Gozag
Gold:   297        SH:  0    Dex: 10    Spells: 5/5 levels left

rFire    + . .     SeeInvis .     - Unarmed
rCold    + . .     Gourm    +   (no shield)
rNeg     . . .     Faith    .   m - +2 robe {rC+ rF+}
rPois    .         Spirit   .   (helmet restricted)
rElec    .         Reflect  .   (no cloak)
rCorr    .         Harm     .   (gloves unavailable)
MR       .....     NoTele   +   (boots unavailable)
Stlth    +.........             (no amulet)
HPRegen  0.58/turn              (no ring)
MPRegen  0.09/turn              (no ring)

@: lethally poisoned (-2 -> -6), slowed, very slow
A: large, unfitting armour, claws 3, fast metabolism 3, gourmand, regeneration
1, shaggy fur 1, tough skin 2
a: Potion Petition, Call Merchant, Bribe Branch, Renounce Religion


You were in the Dungeon.
You worshipped Gozag.
Gozag was aware of your devotion.
You were very full.

You visited 1 branch You collected 297 gold pieces.

Inventory:

Missiles
 c - 5 large rocks (quivered)
Armour
 m - a +2 robe of resistance (worn)
Wands
 a - a wand of polymorph (11)
Scrolls
 b - a scroll of remove curse {unknown}
 k - a scroll of blinking
Potions
 g - a potion of heal wounds
 h - a potion of haste
 i - 2 potions of magic
 j - a potion of berserk rage
Comestibles
 f - 2 rations
 l - 10 chunks of flesh


   Skills:
 - Level 1.5 Fighting
 - Level 3.6 Throwing
 - Level 1.5 Dodging
 - Level 0.3 Stealth
 + Level 13.7 Unarmed Combat


You had 5 spell levels left.
You didn't know any spells.

Dungeon Overview and Level Annotations

Branches:
Dungeon (1/1)

Altars:
Cheibriados
Dithmenos
Elyvilon
Fedhas
Gozag
Hepliaklqana
Kikubaaqudgha
Nemelex Xobeh
Okawaru
Qazlal
Ru
Sif Muna
Trog
Uskayaw
Vehumet
Wu Jian
Yredelemnul
Zin
The Shining One

Shops:
D (

Annotations:
D Sonja


Innate Abilities, Weirdness & Mutations

You are too large for most types of armour.
You have claws for hands.
Your metabolism is lightning-fast.
You like to eat raw meat.
Your natural rate of healing is unusually fast.
You are covered in fur. (AC +1)
You have very tough skin. (AC +2)


Message History

You have difficulty breathing.
* * * LOW HITPOINT WARNING * * *
You feel as though you will be slow longer.
You feel better.
Sonja drinks a potion.
Sonja suddenly seems more agile.
Sonja shoots a curare-tipped needle.
The curare-tipped needle hits you.
You are poisoned.
You have difficulty breathing.
* * * LOW HITPOINT WARNING * * *
You feel as though you will be slow longer.
Unknown command.
Unknown command.
You feel sick.
Sonja unwields an uncursed blowgun.
Sonja wields an uncursed short sword of distortion.
Its appearance distorts for a moment.
Sonja closely misses you.
Sonja hits you with an uncursed short sword of distortion.
* * * LOW HITPOINT WARNING * * *
You feel a strange sense of stasis. Sonja hits you but does no damage.
Space warps horribly around you!
You die...
Your body crumbles into a pile of gold.

#<.#.))..#.['..#
$$ $
#..'..#..'..#..+
$$
#..#####'#####'#
#..####..#...#(#
#..#__####..##.#
$$
#..#_____##'#_.+
#⌠⌠#_.∩...'..._#
$$
####_..__##K(#+#
$$#_____###@# $
$ ####### #(# $
+$.$+$$ $$ #$.$#
$ ##.## $#+#$ $
$ $ $ $ $ $ $


You could see Sonja.

Vanquished Creatures
  Sigmund (D)
  A yak (D)
  An ogre (D)
  A jelly (D)
  Ijyb (D)
5 creatures vanquished.

Notes
Turn   | Place    | Note
-------+----------+-------------------------------------------
     0 | D        | letownia2 the Troll Hunter began the quest for the Orb.
     0 | D        | Reached XP level 1. HP: 19/19 MP: 0/0
     4 | D        | Noticed Ijyb
    10 | D        | Killed Ijyb
    10 | D        | Reached skill level 5 in Unarmed Combat
    10 | D        | Reached XP level 2. HP: 27/27 MP: 1/1
    15 | D        | Noticed an ogre
    20 | D        | Killed an ogre
    20 | D        | Reached skill level 9 in Unarmed Combat
    20 | D        | Reached XP level 3. HP: 33/33 MP: 2/2
    20 | D        | Reached XP level 4. HP: 41/41 MP: 3/3
    25 | D        | Noticed Sigmund
    44 | D        | Killed Sigmund
    44 | D        | Reached skill level 12 in Unarmed Combat
    44 | D        | Reached XP level 5. HP: 26/48 MP: 4/4
    93 | D        | Found an ornate altar of the Wu Jian Council.
    93 | D        | Found a deep blue altar of Sif Muna.
    95 | D        | Found a radiant altar of Vehumet.
    98 | D        | Reached XP level 6. HP: 50/55 MP: 5/5
   105 | D        | Found Yvuof's Weapon Emporium.
   105 | D        | Found an ancient bone altar of Kikubaaqudgha.
   105 | D        | Found a hazy altar of Hepliaklqana.
   105 | D        | Found a stormy altar of Qazlal.
   105 | D        | Found a hide-covered altar of Uskayaw.
   105 | D        | Found a blossoming altar of Fedhas.
   105 | D        | Found a bloodstained altar of Trog.
   105 | D        | Found an iron altar of Okawaru.
   105 | D        | Found a basalt altar of Yredelemnul.
   105 | D        | Found a glowing golden altar of the Shining One.
   105 | D        | Found a snail-covered altar of Cheibriados.
   105 | D        | Found a sacrificial altar of Ru.
   105 | D        | Found a glowing silver altar of Zin.
   105 | D        | Found a shadowy altar of Dithmenos.
   105 | D        | Found a white marble altar of Elyvilon.
   105 | D        | Noticed a yak
   113 | D        | Killed a yak
   113 | D        | Reached skill level 13 in Unarmed Combat
   114 | D        | Found an opulent altar of Gozag.
   117 | D        | Found a sparkling altar of Nemelex Xobeh.
   120 | D        | Became a worshipper of Gozag Ym Sagoz the Greedy
   156 | D        | Noticed Sonja
   163 | D        | Slain by Sonja

Skill      XL: |  1  2  3  4  5  6 |
---------------+-------------------+-----
Unarmed Combat | 5 9 12 13 | 13.7
Fighting       | |  1.5
Throwing       | |  3.6
Dodging        | |  1.5
Stealth        | |  0.3

Action                   |  1- 3 |  4- 6 || total
-------------------------+-------+-------++-------
Melee: Unarmed           |     8 |    22 ||    30
       Punch             |       |     1 ||     1
Throw: Throwing net      |       |     2 ||     2
  Use: Potion            |       |     1 ||     1
 Stab: Confused          |     1 |       ||     1
  Eat: Chunk             |       |     5 ||     5
Armor: Robe              |       |     3 ||     3
Dodge: Dodged            |     1 |     6 ||     7
